 Dungeon Crawl Stone Soup version 0.32-a0-558-g233958a4c4 (webtiles) character file.

Game seed: 9539401440073465690

17224 senseless the Cleaver (level 12, -4/100 HPs)
             Began as a Coglin Fighter on Mar 1, 2024.
             Was a High Priest of Trog.
             Slain by a vampire mosquito (8 damage)
             ... on level 12 of the Dungeon.
             The game lasted 00:41:16 (12732 turns).

senseless the Cleaver (Coglin Fighter)             Turns: 12732, Time: 00:41:16

Health: -4/100     AC: 20    Str: 21    XL:     12   Next: 45%
Magic:  4/4        EV: 10    Int: 16    God:    Trog [*****.]
Gold:   615        SH:  0    Dex: 13    Spells: 11/11 levels left

rFire   . . .        G - +5 broad axe (antimagic) {Fusazane}
rCold   + . .        M - +4 broad axe (elec) {Tepiltzin}
rNeg    . . .        v - +2 scale mail {rPois}
rPois   +            I - +1 helmet {Int+3}
rElec   .            o - +2 cloak
rCorr   .            A - +1 pair of gloves of Apathy {rC+ Int+4}
SInv    .            n - +0 pair of boots
Will    .....        (amulet unavailable) Stlth
                     (ring unavailable)
HPRegen 0.36/turn    (ring unavailable)
MPRegen 0.09/turn    (no gizmo)

%: no passive effects
@: studying Axes, revving
A: off-hand wielding, slow wielding, warmup strikes, no jewelry
a: Invent Gizmo, Renounce Religion, Berserk, Trog's Hand, Brothers in Arms


You were on level 12 of the Dungeon.
You worshipped Trog.
Trog was extremely pleased with you.
You visited 1 branch of the dungeon, and saw 14 of its levels.
You also visited: Ossuary and Bailey.

You collected 1080 gold pieces.
You spent 465 gold pieces at shops.

Inventory:

Hand Weapons
 z - a +2 war axe of freezing {Alejandra}
 G - a +5 antimagic broad axe (weapon) {Fusazane}
 M - a +4 broad axe of electrocution (offhand) {Tepiltzin}
 N - a +3 antimagic broad axe
 P - a +4 war axe of flaming {Bonifácio}
Missiles
 b - 4 atropa-tipped darts
 f - 2 javelins
 j - 21 poisoned darts
 s - 19 boomerangs
 y - a throwing net
Armour
 n - a +0 pair of boots (worn)
 o - a +2 cloak (worn)
 q - a +0 plate armour
 v - a +2 scale mail of poison resistance (worn)
 A - the +1 pair of gloves of Apathy (worn) {rC+ Int+4}
   (You bought it in a shop on level 9 of the Dungeon)

   Int+4:     It affects your intelligence (+4).
   rC+:       It protects you from cold.
 I - a +1 helmet of intelligence (worn)
 O - a +0 plate armour of cold resistance
Wands
 m - a wand of warping (25)
 C - a wand of paralysis (22)
 E - a wand of polymorph (5)
Scrolls
 a - a scroll of immolation
 e - 2 scrolls of noise
 g - 2 scrolls of amnesia
 u - a scroll of vulnerability
 B - 3 scrolls of poison
 H - 5 scrolls of teleportation
 L - 2 scrolls of fear
Potions
 c - a potion of attraction
 d - 5 potions of might
 h - 2 potions of magic
 i - 3 potions of brilliance
 k - 2 potions of lignification
 l - 7 potions of ambrosia
 p - 3 potions of mutation
 r - 4 potions of berserk rage
 t - 2 potions of heal wounds
 w - 4 potions of enlightenment
 x - 6 potions of curing
 D - a potion of resistance
 K - 2 potions of haste
Miscellaneous
 J - a box of beasts (inert) (quivered)


   Skills:
 + Level 11.0 Fighting
 + Level 12.3 Axes
 + Level 10.0 Armour
 * Level 2.0 Dodging
 - Level 2.1 Shields
 * Level 11.2 Evocations


You had 11 spell levels left.
You didn't know any spells.
Your spell library contained the following spells:

 Spells                   Type           Power      Damage    Failure   Level
 Apportation              Tloc           0%         N/A       50%         1
 Ensorcelled Hibernation  Hex/Ice        0%         N/A       65%         2
 Jinxbite                 Hex            0%         N/A       65%         2
 Dazzling Flash           Conj/Hex       0%         N/A       86%         3
 Fugue of the Fallen      Necr           0%         N/A       86%         3
 Summon Ice Beast         Ice/Summ       0%         N/A       86%         3
 Volatile Blastmotes      Fire/Tloc      0%         2d10      86%         3
 Anguish                  Hex/Necr       0%         N/A       99%         4
 Animate Armour           Summ/Erth      0%         N/A       99%         4
 Summon Lightning Spire   Summ/Air       0%         N/A       99%         4
 Alistair's Intoxication  Alch           0%         N/A       100%        5
 Lee's Rapid Deconstruct  Erth           0%         3d4*      100%        5
 Summon Mana Viper        Hex/Summ       0%         N/A       100%        5
 Starburst                Conj/Fire      0%         6d3       100%        6
 Monstrous Menagerie      Summ           0%         N/A       100%        7
 Maxwell's Capacitive Co  Air            0%         ∞         100%        8


Dungeon Overview and Level Annotations

Branches:
Dungeon (14/15)            Temple (0/1) D:6             Orc (0/2) D:9
Ossuary (visited)          Bailey (visited)
   Lair: D:8-11      Vaults: D:13-14

Altars:
Elyvilon
Gozag
Kikubaaqudgha
Okawaru
Trog
Zin
Beogh
Jiyva

Shops:
D:7 *   D:8 [=!?   D:9 *[*:[(


Innate Abilities, Weirdness & Mutations

You can wield a second weapon in your off-hand.
It takes a long time for you to wield or remove held weapons.
Your first few attacks do less damage.
You cannot equip rings or amulets.


Message History

You hear the beating of a drum nearby.
The vampire mosquito bites you but does no damage. x4
The vampire mosquito bites you but does no damage. x4
The vampire mosquito bites you.
The vampire mosquito bites you but does no damage.
The vampire mosquito bites you.
* * * LOW HITPOINT WARNING * * *
The vampire mosquito bites you but does no damage.
The vampire mosquito bites you!
* * * LOW HITPOINT WARNING * * *
The vampire mosquito bites you but does no damage.
The vampire mosquito barely misses you.
The vampire mosquito bites you but does no damage.
The vampire mosquito bites you.
* * * LOW HITPOINT WARNING * * *
The vampire mosquito bites you.
The vampire mosquito bites you but does no damage. x4
The vampire mosquito bites you!
* * * LOW HITPOINT WARNING * * *
The vampire mosquito bites you.
* * * LOW HITPOINT WARNING * * *
The vampire mosquito bites you but does no damage. x4
You turn to flesh and can move again.
You miss the vampire mosquito with your +4 broad axe of electrocution.
You barely miss the vampire mosquito with your +4 broad axe of electrocution.
You hit the vampire mosquito with your +4 broad axe of electrocution.
Lightning courses through the vampire mosquito!
You slash the vampire mosquito with your +5 antimagic broad axe!
You hit the vampire mosquito with your +5 antimagic broad axe.
You slash the vampire mosquito with your +5 antimagic broad axe!
The vampire mosquito closely misses you.
The vampire mosquito barely misses you. The vampire mosquito misses you.
The vampire mosquito bites you!
* * * LOW HITPOINT WARNING * * *
The vampire mosquito draws strength from your injuries!
The vampire mosquito bites you.
* * * LOW HITPOINT WARNING * * *
The vampire mosquito draws strength from your injuries!
The vampire mosquito bites you!
You die...

#.# #.#
#.# #.#
..#
#.#######
#.y......
#@y......
#.y......
#........
.........
#........
#........
#.#######
#.#


You could see 3 vampire mosquitoes.

Vanquished Creatures
  An orc warlord (Bailey)
  A vault guard (D:13)
  A two-headed ogre (D:10)
  The ghost of nj0rd12 the Nimble, a novice DjEE of Qazlal (D:8)
  An orc knight (Bailey)
  A manticore (D:14)
  Maurice (D:7)
  3 cyclopes
  A meliai (D:14)
  2 gargoyles
  Maggie (D:7)
  An unseen horror (D:10)
  A troll (D:10)
  A queen bee (D:10)
  A troll (shapeshifter) (D:14)
  Grinder (D:3)
  2 slime creatures (D:8)
  A wyvern (D:8)
  13 yaks
  2 swamp worms (D:10)
  2 acid dragons
  A water moccasin (D:9)
  Duvessa (D:4)
  An ice beast (D:5)
  2 sky beasts
  A swamp drake (D:9)
  12 orc warriors
  7 ogres
  A black bear (D:8)
  A phantom (D:4)
  2 bullfrogs
  3 kobold brigands
  Blork the orc (D:4)
  3 scorpions (D:6)
  A wyvern zombie (D:7)
  Dowan (D:4)
  6 wights
  2 burial acolytes (D:7)
  31 killer bees
  An electric eel (D:9)
  A bombardier beetle (D:5)
  A bullfrog zombie (D:7)
  3 centaur zombies (Ossuary)
  2 human zombies
  7 jellies
  Crazy Yiuf (D:2)
  2 gnoll boudas
  2 hounds (D:7)
  A bullfrog skeleton (D:7)
  7 orc priests
  7 iguanas
  Ijyb (D:3)
  Natasha (thrice) (D:2)
  16 orc wizards
  A killer bee zombie (D:7)
  9 hound zombies (Ossuary)
  2 mummies (Ossuary)
  2 howler monkey zombies (D:7)
  18 gnolls
  A river rat (D:5)
  14 adders
  A shadow imp (D:6)
  6 adder zombies (Ossuary)
  5 dart slugs
  2 ribbon worms (D:3)
  56 orcs
  5 endoplasms
  3 giant cockroaches
  26 goblins
  21 hobgoblins
  7 jackals
  25 kobolds
  4 quokkas
  9 ball pythons
  3 bats
  5 frilled lizards
  7 gnoll zombies (Ossuary)
  4 jackal zombies (Ossuary)
  6 kobold zombies (Ossuary)
  An orc zombie (Ossuary)
  8 rats
422 creatures vanquished.

Vanquished Creatures (collateral kills)
  2 electric eels (D:14)
2 creatures vanquished.

Grand Total: 424 creatures vanquished

Notes
Turn   | Place    | Note
-------+----------+-------------------------------------------
     0 | D:1      | senseless the Coglin Fighter began the quest for the Orb.
     0 | D:1      | Reached XP level 1. HP: 18/18 MP: 1/1
    81 | D:1      | Reached XP level 2. HP: 21/24 MP: 2/2
   259 | D:1      | Found a faded altar of an unknown god.
   289 | D:1      | Prayed at the altar of an unknown god.
   289 | D:1      | Became a worshipper of Trog the Wrathful
   289 | D:1      | Reached * piety under Trog
   555 | D:1      | Reached XP level 3. HP: 24/29 MP: 3/3
  1250 | D:2      | Noticed Natasha
  1254 | D:2      | Reached ** piety under Trog
  1256 | D:2      | Killed Natasha
  1257 | D:2      | Reached skill level 3 in Axes
  1257 | D:2      | Reached XP level 4. HP: 28/37 MP: 4/4
  1301 | D:2      | Noticed Natasha
  1308 | D:2      | Killed Natasha
  1369 | D:2      | Found a runed translucent door.
  1370 | D:2      | Noticed Crazy Yiuf
  1422 | D:2      | Noticed Natasha
  1429 | D:2      | Killed Natasha
  1430 | D:2      | Reached XP level 5. HP: 38/42 MP: 5/5
  1898 | D:2      | HP: 2/63 [Crazy Yiuf/+4 quarterstaff of chaos (13)]
  1899 | D:2      | Killed Crazy Yiuf
  2357 | D:3      | Reached XP level 6. HP: 49/49 MP: 6/6
  2620 | D:3      | Noticed Grinder
  2631 | D:3      | Paralysed by Grinder for 2 turns
  2644 | D:3      | Killed Grinder
  2645 | D:3      | Reached skill level 5 in Fighting
  2645 | D:3      | Reached skill level 4 in Axes
  2645 | D:3      | Reached XP level 7. HP: 56/56 MP: 7/7
  2726 | D:3      | Noticed Ijyb
  2741 | D:3      | Killed Ijyb
  3020 | D:4      | Reached *** piety under Trog
  3137 | D:4      | Noticed Blork the orc
  3150 | D:4      | Killed Blork the orc
  3151 | D:4      | Reached skill level 5 in Axes
  3151 | D:4      | Reached skill level 5 in Armour
  3247 | D:4      | Noticed Dowan
  3268 | D:4      | Killed Dowan
  3273 | D:4      | Noticed Duvessa
  3281 | D:4      | Reached XP level 8. HP: 7/64 MP: 8/8
  3282 | D:4      | Killed Duvessa
  3788 | D:5      | Entered Level 5 of the Dungeon
  3987 | D:5      | Found a sand-covered staircase.
  3991 | Ossuary  | Entered an ossuary
  4027 | Ossuary  | Reached **** piety under Trog
  4139 | Ossuary  | Reached skill level 6 in Axes
  4330 | D:5      | Reached XP level 9. HP: 28/72 MP: 9/9
  5273 | D:6      | Found an opulent altar of Gozag.
  5273 | D:6      | Found a white marble altar of Elyvilon.
  5342 | D:6      | Reached skill level 7 in Axes
  5484 | D:6      | Reached ***** piety under Trog
  5646 | D:6      | Found a staircase to the Ecumenical Temple.
  6148 | D:7      | Noticed Maggie
  6159 | D:7      | Killed Maggie
  6349 | D:7      | Noticed Maurice
  6354 | D:7      | Something stole a +0 war axe {Dejan}
  6363 | D:7      | Paralysed by something for 5 turns
  6366 | D:7      | Something stole 150 gold
  6367 | D:7      | Something stole 304 gold
  6395 | D:7      | Paralysed by Maurice for 5 turns
  6404 | D:7      | Killed Maurice
  6515 | D:7      | Reached skill level 8 in Axes
  6736 | D:7      | Reached XP level 10. HP: 79/82 MP: 10/10
  6796 | D:7      | Found an ancient bone altar of Kikubaaqudgha.
  6808 | D:7      | Received a gift from Trog
  6915 | D:7      | Found a transporter.
  7033 | D:7      | Found a roughly hewn altar of Beogh.
  7033 | D:7      | Found a transporter.
  7146 | D:7      | Found Somaxono's General Store.
  7149 | D:7      | Bought a scroll of teleportation for 36 gold pieces
  7722 | D:8      | Identified a scroll of acquirement
  7722 | D:8      | Acquired a manual of Axes
  7803 | D:8      | Found a flagged portal.
  7823 | Bailey   | Entered a bailey
  7851 | Bailey   | Reached skill level 1 in Evocations
  7924 | Bailey   | Reached skill level 9 in Axes
  7965 | Bailey   | Noticed an orc knight
  7976 | Bailey   | Killed an orc knight
  8221 | Bailey   | Noticed an orc warlord
  8237 | Bailey   | Killed an orc warlord
  8238 | Bailey   | Reached skill level 5 in Evocations
  8238 | Bailey   | Reached XP level 11. HP: 74/90 MP: 3/11
  8410 | D:8      | Acquired a +4 broad axe of electrocution
  8624 | D:8      | Reached skill level 10 in Axes
  8643 | D:8      | Found a runed translucent gate.
  8644 | D:8      | Found a runed translucent gate.
  8645 | D:8      | Found a runed translucent gate.
  8646 | D:8      | Noticed nj0rd12's ghost (novice DjEE)
  8694 | D:8      | Found Gitoumio's Jewellery Boutique.
  8788 | D:8      | Found Ubbuos's Armour Emporium.
  9008 | D:8      | Found Ihudax's Distillery.
  9012 | D:8      | Bought a potion of degeneration for 11 gold pieces
  9115 | D:8      | Found Qifucseu's Magic Scroll Shoppe.
  9118 | D:8      | Bought a scroll of identify for 28 gold pieces
  9118 | D:8      | Bought a scroll of enchant armour for 105 gold pieces
  9207 | D:8      | Found a viscous altar of Jiyva.
  9217 | D:8      | Killed nj0rd12's ghost
  9218 | D:8      | Reached skill level 10 in Fighting
  9279 | D:9      | Received a gift from Trog
  9358 | D:9      | Found an iron altar of Okawaru.
  9654 | D:9      | Found Zin's Purification Station.
  9657 | D:9      | Found a glowing silver altar of Zin.
  9807 | D:9      | Found Tidiuke's Assorted Antiques.
  9807 | D:9      | Found Leofiaru's Armour Shop.
 10012 | D:9      | Found Perusy's Book Boutique.
 10014 | D:9      | Found Usuapteu's Antique Weapon Shoppe.
 10014 | D:9      | Found Otir's Antique Armour Shop.
 10018 | D:9      | Bought a pair of encrusted gloves for 285 gold pieces
 10018 | D:9      | Identified the +1 pair of gloves of Apathy {rC+ Int+4} (You
                  | bought it in a shop on level 9 of the Dungeon)
 10144 | D:9      | Found a staircase to the Orcish Mines.
 10158 | D:9      | Reached skill level 11 in Axes
 10332 | D:10     | Entered Level 10 of the Dungeon
 10361 | D:10     | Noticed a two-headed ogre
 10367 | D:10     | Killed a two-headed ogre
 10642 | D:10     | Reached XP level 12. HP: 62/99 MP: 4/12
 10771 | D:10     | Reached skill level 10 in Evocations
 11164 | D:10     | Received a gift from Trog
 11481 | D:10     | Identified the ring of Lyar {Ice Fly rElec Will+ Str-3}
 11846 | D:11     | You fall into a shaft and drop 3 floors!
 12325 | D:14     | Reached skill level 12 in Axes
 12434 | D:14     | Reached skill level 1 in Dodging
 12434 | D:14     | Noticed a vault guard
 12449 | D:13     | Killed a vault guard
 12450 | D:13     | Reached skill level 10 in Armour
 12717 | D:12     | Noticed a boulder beetle
 12732 | D:12     | HP: 4/100 [vampire mosquito (6)]
 12732 | D:12     | Slain by a vampire mosquito

Illustrated notes

Levels and vault maps discovered:
D:1:      dpeg_arrival_rooms_a, layout_loops_corners,
          shapermc_ecumenical_altar_ellora, st_stairs_2, chequers_jeans,
          minmay_pentomino_v2
D:2:      layout_loops_ring, uniq_natasha, uniq_crazy_yiuf_cottage
D:3:      layout_basic, grunt_decor_arrowhead, minmay_quadrilaterals, uniq_ijyb,
          uniq_grinder
D:4:      layout_rooms, dk_vineyard_1, uniq_blork_the_orc, uniq_duvessa
D:5:      layout_cave_pods, cheibrodos_sewer_entry_sluice, enter_ossuary_5
D:6:      layout_basic, jmf_multi_god_temple, minmay_temple_entry_mist,
          kennysheep_potato
D:7:      gammafunk_beogh_shrine, layout_loops_corners,
          lemuel_mausoleum_altar_kikubaaqudgha, serial_shops,
          kennysheep_mini_moat, kennysheep_doodads,
          minmay_a_box_with_orc_wizards_in_it, uniq_maggie, uniq_maurice
D:8:      layout_basic, gammafunk_ghost_ooze, serial_shops,
          nicolae_shop_pleasant_corner_grove, nicolae_shop_behind_doors, shop,
          nicolae_shop_rolled_up, enter_bailey_5
D:9:      layout_gridville, okawaru_altar_gauntlet_db, zin_purify, erik_orc_1,
          hangedman_decor_riveting, minmay_misc_feat_doors,
          nicolae_wooded_promenade
D:10:     layout_loops_corners, special_room [special_room_bee], worms_lemuel
D:11:     layout_stronghold, dpeg_lair_monsters, kennysheep_generic_room_16
D:12:     minmay_tearing_corner, layout_small_grid, gauntlet_entry_generic
D:13:     layout_basic, uniq_kirke, uniq_lodul, uniq_rupert
D:14:     layout_roguey, david_vaults_5, serial_bayou_lagoon_a

Skill      XL: |  1  2  3  4  5  6  7  8  9 10 11 12 |
---------------+-------------------------------------+-----
Armour         | 3 4 5 6 7 8 9 10 | 10.0
Axes           | 3 4 5 6 8 9 11 12 | 12.3
Fighting       | 4 5 6 7 8 9 10 11 | 11.0
Evocations     | 5 9 11 | 11.2
Dodging        | 2 |  2.0
Shields        | |  2.1

Action                     |  1- 3 |  4- 6 |  7- 9 | 10-12 || total
---------------------------+-------+-------+-------+-------++-------
  Melee: War axe           |    85 |    77 |   364 |   133 ||   659
         Dagger            |    23 |    85 |   187 |       ||   295
         Broad axe         |       |       |       |   523 ||   523
  Throw: Throwing net      |       |     1 |     1 |       ||     2
         Dart              |       |       |     8 |       ||     8
 Invoke: Berserk           |       |     2 |     1 |     5 ||     8
         Trog's Hand       |       |       |       |     1 ||     1
  Evoke: Wand              |       |       |     3 |       ||     3
         Box of beasts     |       |       |       |     1 ||     1
    Use: Scroll            |       |       |    19 |    12 ||    31
         Potion            |       |       |     1 |       ||     1
   Stab: Held in net/web   |       |       |     2 |       ||     2
 Armour: Scale mail        |    62 |    34 |   266 |   394 ||   756
         Plate armour      |       |    41 |    13 |       ||    54
  Dodge: Dodged            |    42 |    34 |    96 |   195 ||   367
  Block: Buckler           |    19 |       |       |       ||    19

Table legend: (Time is in decaauts)
 A = Elapsed time spent in this place.
 B = Non-inter-level travel time spent in this place.
 C = Inter-level travel time spent in this place.
 D = Time resting spent in this place.
 E = Time spent auto-exploring this place.
 F = Levels seen in this place.
 G = Mean time per level.
                   A        B        C        D        E       F      G
               +--------+--------+--------+--------+--------+-----+--------+
         Total |  12940 |  12420 |    520 |   1266 |   8647 |  16 |  808.8 |
       Dungeon |  12039 |  11519 |    520 |    993 |   8372 |  14 |  859.9 |
       Ossuary |    294 |    294 |      0 |      0 |    126 |   1 |  294.0 |
        Bailey |    606 |    606 |      0 |    273 |    149 |   1 |  606.0 |
               +--------+--------+--------+--------+--------+-----+--------+

Top non-repeatable levels by time:
     D:7: 1728 daAuts
    D:10: 1402 daAuts
     D:5: 1186 daAuts
     D:1: 1110 daAuts
     D:2: 1079 daAuts
     D:9: 1065 daAuts
     D:8: 981 daAuts
     D:3: 885 daAuts
     D:4: 801 daAuts
     D:6: 777 daAuts
  Bailey: 606 daAuts
    D:14: 599 daAuts
 Ossuary: 294 daAuts
    D:13: 231 daAuts
    D:11: 134 daAuts
